Map: Caverne nascoste

Players

Hiall

  • Race: Zerg Zerg

FireFly

  • Race: Protoss Protoss

Jhyrachy

  • Race: Zerg Zerg
  • League: Gold

Teranox

  • Race: Zerg Zerg
  • League: Platinum

AMOUR

  • Race: Protoss Protoss
  • League: Platinum

TenSeuR

  • Race: Terran Terran

Didax

  • Race: Protoss Protoss

SagnaOhm

  • Race: Protoss Protoss

VOD

Have the link to the VOD?

Description

Time

  • Played on: May 17, 2016, 5:02 p.m.
  • Length: 16:04
Show
View Real Time Build Order
Export as new Build Order

Hiall Zerg 

Build Orders: Hatch First 

Get SALT Encoding   

  12  0:37  Hatchery  
  11  0:49  Spawning Pool  
  10  1:03  Drone  
  10  1:04  Drone x2  
  13  1:17  Extractor  
  12  1:18  Drone  
  12  1:19  Extractor  
  12  1:30  Drone  
  13  1:36  Zergling x2  
  14  1:48  Overlord  
  14  2:03  Drone x3  
  17  2:13  Lair  
  17  2:41  Drone  
  17  2:42  Drone  
  17  2:43  Roach Warren  
  18  2:47  Drone  
  19  3:03  Queen  
  21  3:11  Drone  
  22  3:30  Roach x3  
  28  3:35  Overlord  
  28  3:49  Tunneling Claws  
  28  3:58  Burrow  
  28  4:05  Drone x2  
  30  4:18  Drone x3  
  33  4:28  Extractor  
  32  4:36  Spire  
  31  5:18  Overlord  
  31  5:19  Drone x3  
  34  5:28  Hatchery  
  33  5:37  Drone x4  
  37  5:44  Glial Reconstitution  
  37  5:49  Lair  
  37  5:52  Drone  
  37  5:53  Drone x2  
  40  6:10  Nydus Network  
  39  6:12  Drone x2, Infestation Pit  
  39  6:14  Drone  
  41  6:29  Mutalisk  
  41  6:30  Overlord  
  41  6:31  Overlord  
  43  6:43  Drone x4  
  47  6:54  Extractor  
  46  7:08  Infestor x4  
  46  7:09  Infestor  
  56  7:25  Extractor  
  56  7:28  Extractor  
  54  7:32  Hydralisk Den  
  54  7:35  Pathogen Glands  
  54  7:38  Hydralisk Den  
  53  7:54  Corruptor  
  53  7:55  Corruptor  
  56  8:29  Corruptor x3  
  60  8:45  Corruptor x2  
  64  8:55  Pneumatized Carapace  
  64  9:00  Overlord  
  64  9:03  Overlord x2  
  64  9:35  Roach  
  64  9:36  Roach x7  
  80  9:40  Overlord x2  
  80  9:48  Drone  
  81  9:54  Hive  
  81  9:55  Overlord  
  81  9:56  Neural Parasite  
  81  10:17  Infestor x2  
  81  10:18  Infestor  
  87  10:32  Overlord  
  87  10:33  Overlord x2  
  87  10:36  Overseer  
  87  10:37  Overlord x3  
  87  10:47  Overlord x2  
  87  10:50  Drone  
  87  10:51  Drone x3  
  89  11:20  Viper x3  
  94  12:17  Drone x4  
  94  12:18  Drone x5  
  103  12:28  Queen  
  103  12:29  Queen x2  
  109  12:33  Corruptor x3  
  115  12:40  Hatchery  
  110  13:04  Hydralisk  
  110  13:05  Hydralisk x8  
  123  13:54  Hydralisk  
  123  13:55  Hydralisk x8  
  121  14:21  Corruptor x3  
  121  14:22  Corruptor  
  129  14:25  Drone  
  122  14:49  Hatchery  
  103  15:12  Drone x3  
  103  15:13  Drone x6  
Show
View Real Time Build Order
Export as new Build Order

FireFly Protoss 

Build Orders:  

Get SALT Encoding   

  12  0:02  Probe (Chrono Boost)  
  13  0:12  Probe (Chrono Boost)  
  14  0:23  Probe (Chrono Boost)  
  15  0:36  Pylon  
  15  0:39  Pylon  
  15  0:54  Probe (Chrono Boost)  
  16  1:01  Gateway  
  16  1:05  Probe (Chrono Boost)  
  16  1:07  Gateway  
  17  1:15  Probe (Chrono Boost)  
  18  1:18  Forge  
  18  1:26  Probe (Chrono Boost)  
  19  1:36  Probe (Chrono Boost)  
  21  1:47  Probe (Chrono Boost)  
  21  1:59  Cybernetics Core  
  21  2:01  Photon Cannon  
  21  2:08  Photon Cannon  
  21  2:10  Pylon  
  21  2:13  Pylon  
  21  2:18  Probe (Chrono Boost)  
  22  2:22  Assimilator  
  22  2:28  Assimilator, Probe (Chrono Boost)  
  23  2:42  Photon Cannon  
  23  2:44  Zealot  
  23  2:45  Zealot  
  27  3:03  Pylon  
  27  3:20  Nexus  
  27  3:29  Stargate  
  27  3:40  Assimilator  
  27  3:45  Assimilator  
  27  3:55  Pylon  
  27  3:59  Pylon  
  27  4:03  Stargate  
  27  4:07  Protoss Air Weapons Level 1 (Chrono Boost)  
  27  4:14  Probe  
  28  4:26  Probe  
  28  4:30  Cybernetics Core  
  29  4:33  Probe  
  30  4:43  Probe  
  31  4:50  Photon Cannon  
  31  4:54  Probe  
  31  4:56  Probe  
  33  5:04  Probe  
  34  5:08  Probe  
  35  5:15  Probe  
  35  5:17  Gateway  
  35  5:20  Probe  
  37  5:25  Probe  
  38  5:30  Void Ray (Chrono Boost)  
  43  5:35  Probe  
  43  5:36  Probe  
  44  5:46  Probe  
  44  5:47  Probe  
  46  5:52  Fleet Beacon  
  46  5:57  Probe  
  46  6:00  Probe  
  48  6:07  Probe  
  49  6:12  Probe  
  49  6:17  Protoss Air Armor Level 1  
  49  6:18  Probe  
  50  6:24  Probe  
  52  6:28  Probe  
  53  6:37  Carrier (Chrono Boost)  
  59  6:40  Graviton Catapult  
  59  6:44  Stargate  
  59  7:07  Nexus  
  65  7:11  Carrier (Chrono Boost)  
  65  7:12  Pylon  
  65  7:14  Pylon  
  65  7:17  Pylon  
  65  7:26  Probe  
  72  7:39  Probe  
  72  7:40  Carrier (Chrono Boost)  
  72  7:43  Protoss Air Weapons Level 2  
  73  7:58  Assimilator  
  73  8:02  Assimilator  
  73  8:06  Pylon  
  73  8:07  Pylon  
  73  8:08  Carrier (Chrono Boost)  
  79  8:24  Probe  
  80  8:28  Probe  
  80  8:33  Carrier (Chrono Boost)  
  87  8:34  Probe  
  87  8:40  Probe  
  89  8:45  Probe  
  90  8:49  Stargate  
  90  8:52  Probe  
  91  9:05  Probe  
  92  9:16  Probe  
  98  9:18  Protoss Air Armor Level 2  
  99  9:25  Carrier (Chrono Boost)  
  99  9:26  Probe  
  100  9:37  Probe  
  101  9:47  Probe  
  102  9:54  Carrier (Chrono Boost)  
  102  9:55  Carrier (Chrono Boost)  
  102  9:58  Probe  
  115  10:08  Probe  
  122  10:19  Carrier (Chrono Boost)  
  128  10:45  Protoss Air Weapons Level 3  
  128  10:53  Carrier (Chrono Boost)  
  128  11:15  Pylon  
  128  11:17  Pylon  
  128  11:18  Pylon  
  128  11:20  Pylon  
  128  11:22  Pylon  
  128  11:24  Pylon  
  134  11:26  Carrier (Chrono Boost)  
  134  11:28  Pylon  
  134  11:29  Pylon  
  134  11:32  Stargate  
  134  11:33  Stargate  
  134  11:36  Stargate  
  85  12:21  Carrier x2 (Chrono Boost)  
  103  12:31  Assimilator  
  103  12:32  Carrier (Chrono Boost)  
  103  13:01  Carrier (Chrono Boost)  
  119  13:08  Void Ray (Chrono Boost)  
  119  13:12  Carrier (Chrono Boost)  
  124  14:57  Pylon  
Show
View Real Time Build Order
Export as new Build Order

Jhyrachy Zerg 

Build Orders: Pool First, Lurkers 

Get SALT Encoding   

  12  0:01  Drone  
  13  0:10  Drone  
  14  0:18  Overlord  
  14  0:36  Drone x3  
  17  1:04  Extractor  
  17  1:05  Drone  
  17  1:09  Spawning Pool  
  16  1:17  Hatchery  
  15  1:22  Drone  
  16  1:27  Drone  
  16  1:28  Drone  
  18  1:39  Drone  
  19  1:46  Drone  
  20  2:05  Queen  
  22  2:15  Metabolic Boost  
  22  2:29  Queen  
  24  2:37  Drone x2  
  24  2:38  Drone, Overlord  
  27  2:56  Spine Crawler  
  27  2:58  Drone x3  
  27  3:01  Lair  
  29  3:07  Extractor  
  29  3:09  Drone  
  29  3:15  Drone x3  
  29  3:17  Drone x2  
  34  3:24  Extractor  
  34  3:25  Extractor  
  32  3:44  Drone x3  
  32  3:45  Drone  
  36  3:53  Overlord x2  
  36  4:10  Hydralisk Den  
  36  4:14  Evolution Chamber  
  36  4:15  Drone x2  
  36  4:16  Evolution Chamber  
  35  4:17  Drone  
  35  4:18  Drone x4  
  40  4:33  Drone  
  40  4:34  Drone x5  
  46  4:38  Drone  
  47  4:46  Lurker Den  
  47  4:50  Pneumatized Carapace  
  47  4:57  Overlord x2  
  47  5:05  Zerg Missile Weapons Level 1  
  47  5:12  Drone  
  48  5:26  Zerg Ground Armor Level 1  
  48  5:33  Hydralisk x5  
  48  5:34  Hydralisk x2  
  62  5:37  Overlord  
  62  5:59  Overseer  
  64  6:25  Lurker x3  
  65  6:58  Queen  
  67  7:02  Zerg Missile Weapons Level 2  
  67  7:04  Muscular Augments  
  67  7:05  Hatchery  
  67  7:08  Hydralisk  
  66  7:09  Hydralisk x4  
  66  7:11  Overlord x2  
  66  7:12  Overlord  
  76  7:26  Zerg Ground Armor Level 2  
  73  7:58  Hydralisk x3  
  73  7:59  Hydralisk x2  
  73  8:00  Overlord  
  73  8:01  Overlord x2  
  83  8:42  Drone x5  
  83  8:43  Drone x2  
  83  8:45  Extractor  
  83  8:48  Extractor  
  88  8:53  Overseer  
  88  9:16  Lurker  
  89  9:17  Lurker x7  
  96  9:52  Hydralisk  
  96  9:53  Hydralisk x8  
  96  9:56  Overlord x3  
  114  10:29  Hydralisk x3  
  114  10:30  Hydralisk x9  
  138  10:37  Spore Crawler  
  138  10:38  Infestation Pit  
  136  10:44  Drone x2  
  136  10:48  Overlord x3  
  138  11:16  Drone x3  
  138  11:17  Drone x2  
  138  11:18  Drone x3  
  145  11:19  Hydralisk  
  145  11:20  Hydralisk x7  
  145  11:23  Overlord  
  145  11:24  Overlord  
  162  12:07  Hive  
  162  12:16  Overlord x3  
  162  12:18  Hydralisk  
  162  12:19  Hydralisk x7  
  85  13:37  Spore Crawler  
  85  13:38  Spore Crawler  
  85  13:39  Spore Crawler  
  85  13:40  Spore Crawler x2  
  66  13:42  Spine Crawler  
  66  13:46  Spore Crawler  
  66  13:48  Spore Crawler x2  
  54  13:53  Spore Crawler  
  25  14:20  Drone  
  25  14:21  Drone x4  
Show
View Real Time Build Order
Export as new Build Order

Teranox Zerg 

Build Orders: Hatch First 

Get SALT Encoding   

  12  0:02  Drone  
  13  0:13  Overlord  
  13  0:19  Drone  
  14  0:32  Drone x2  
  16  0:37  Drone  
  17  0:46  Drone  
  18  1:04  Hatchery, Drone  
  17  1:08  Drone  
  17  1:09  Extractor  
  18  1:18  Drone  
  19  1:26  Spawning Pool  
  18  1:33  Drone  
  19  1:43  Drone  
  20  1:50  Overlord  
  20  2:01  Drone  
  21  2:13  Queen  
  23  2:16  Zergling x4  
  23  2:19  Queen  
  27  2:24  Drone  
  27  2:29  Drone  
  29  2:39  Drone x2  
  31  2:44  Drone  
  31  2:49  Queen  
  34  2:51  Overlord  
  34  2:55  Queen  
  36  3:12  Overlord  
  36  3:13  Overlord x3  
  36  3:26  Metabolic Boost  
  34  3:40  Zergling x16  
  42  3:45  Drone x2  
  44  3:55  Roach Warren  
  43  4:08  Lair  
  43  4:11  Extractor  
  43  4:16  Evolution Chamber  
  41  4:19  Evolution Chamber  
  40  4:27  Drone x8  
  48  4:31  Extractor x2  
  46  4:43  Zergling x2  
  46  4:44  Roach x5  
  57  4:57  Drone x3  
  57  4:58  Drone  
  61  5:13  Drone x4  
  65  5:20  Zerg Ground Armor Level 1, Zerg Missile Weapons Level 1  
  65  5:27  Glial Reconstitution  
  65  5:30  Roach  
  65  5:32  Overlord  
  65  5:33  Overlord  
  67  6:17  Drone x2  
  67  6:18  Drone  
  70  6:25  Roach x2  
  74  6:26  Roach x4  
  74  6:27  Ravager  
  83  6:41  Overlord x3  
  83  6:42  Overlord  
  83  7:00  Roach  
  91  7:01  Roach x3  
  91  7:21  Roach x2  
  91  7:22  Roach x7  
  109  7:23  Ravager x2  
  109  7:24  Ravager x4  
  115  7:30  Hatchery  
  115  7:36  Zerg Melee Weapons Level 1, Zerg Ground Armor Level 2  
  114  8:36  Overlord  
  114  8:37  Overlord x9  
  114  8:43  Drone x2  
  114  8:44  Queen  
  114  8:45  Drone  
  119  8:54  Infestation Pit  
  118  9:00  Drone x2  
  118  9:01  Drone x7  
  127  9:05  Drone  
  127  9:06  Extractor  
  127  9:09  Drone  
  128  9:27  Roach  
  128  9:28  Roach x7  
  144  9:34  Extractor  
  144  9:38  Hive  
  143  9:46  Zergling x10  
  148  9:54  Zerg Melee Weapons Level 2  
  148  9:55  Zerg Missile Weapons Level 2  
  148  9:59  Drone x11  
  159  10:11  Roach  
  159  10:12  Roach x3  
  167  10:22  Hatchery  
  166  10:43  Tunneling Claws  
  166  10:47  Burrow  
  166  10:50  Roach x3  
  166  10:51  Roach x9  
  190  10:57  Overlord x2  
  190  11:24  Ultralisk Cavern  
  189  11:25  Adrenal Glands  
  189  11:30  Drone x7  
  189  11:31  Drone  
  150  12:43  Ultralisk x5  
  176  13:07  Spire  
  175  13:18  Ultralisk x2  
  175  13:19  Ultralisk x2  
  178  14:16  Overlord  
  178  14:17  Overlord x11  
Show
View Real Time Build Order
Export as new Build Order

AMOUR Protoss 

Build Orders:  

Get SALT Encoding   

  12  0:02  Probe (Chrono Boost)  
  13  0:13  Probe (Chrono Boost)  
  14  0:23  Probe (Chrono Boost), Pylon  
  15  0:42  Probe (Chrono Boost)  
  16  0:52  Probe (Chrono Boost)  
  17  1:03  Probe (Chrono Boost)  
  18  1:12  Nexus  
  18  1:13  Forge  
  18  1:16  Probe (Chrono Boost)  
  19  1:26  Pylon  
  19  1:27  Probe (Chrono Boost)  
  20  1:41  Gateway  
  20  1:42  Probe (Chrono Boost)  
  21  1:49  Photon Cannon  
  21  1:58  Photon Cannon  
  21  2:01  Probe (Chrono Boost)  
  22  2:07  Assimilator  
  22  2:11  Assimilator  
  22  2:14  Probe (Chrono Boost)  
  23  2:24  Probe (Chrono Boost)  
  23  2:26  Probe (Chrono Boost)  
  25  2:35  Probe (Chrono Boost)  
  25  2:36  Cybernetics Core  
  27  2:37  Probe (Chrono Boost)  
  27  2:41  Assimilator  
  27  2:45  Probe (Chrono Boost)  
  27  2:47  Probe (Chrono Boost)  
  27  2:51  Assimilator  
  29  2:56  Probe (Chrono Boost)  
  29  2:58  Probe (Chrono Boost)  
  31  3:07  Probe (Chrono Boost)  
  32  3:13  Probe (Chrono Boost)  
  32  3:18  Mothership Core (Chrono Boost)  
  35  3:30  Nexus  
  35  3:32  Probe (Chrono Boost)  
  36  3:36  Probe (Chrono Boost)  
  37  3:42  Probe (Chrono Boost)  
  37  3:46  Probe (Chrono Boost)  
  39  3:51  Stargate  
  39  3:52  Probe (Chrono Boost)  
  40  3:56  Protoss Air Weapons Level 1 (Chrono Boost)  
  40  4:04  Stargate, Probe  
  40  4:05  Probe  
  42  4:15  Probe  
  42  4:17  Probe  
  44  4:19  Pylon  
  44  4:25  Probe  
  44  4:27  Pylon  
  44  4:29  Probe  
  46  4:36  Probe  
  47  4:39  Fleet Beacon  
  47  4:41  Probe  
  47  4:43  Probe  
  49  4:46  Probe  
  49  4:52  Probe  
  50  4:55  Probe  
  50  4:57  Probe  
  53  5:03  Probe  
  54  5:07  Probe x2  
  54  5:13  Probe  
  57  5:23  Carrier x2 (Chrono Boost)  
  57  5:26  Graviton Catapult  
  57  5:27  Protoss Air Armor Level 1  
  57  5:28  Probe x2  
  71  5:33  Probe  
  71  5:35  Assimilator  
  72  5:39  Assimilator, Photon Cannon  
  72  5:47  Probe  
  73  5:52  Probe  
  73  5:53  Probe, Pylon x2  
  75  5:59  Probe  
  75  6:02  Stargate  
  75  6:03  Stargate  
  76  6:04  Probe  
  76  6:09  Pylon  
  78  6:11  Probe  
  78  6:16  Protoss Shields Level 1  
  78  6:24  Cybernetics Core  
  78  6:39  Carrier x2 (Chrono Boost)  
  96  6:58  Carrier (Chrono Boost)  
  96  7:10  Pylon  
  96  7:11  Nexus  
  96  7:12  Pylon  
  96  7:13  Pylon  
  96  7:14  Pylon  
  96  7:16  Protoss Air Weapons Level 2 (Chrono Boost)  
  96  7:17  Assimilator  
  96  7:21  Assimilator  
  102  7:30  Twilight Council  
  102  7:32  Carrier (Chrono Boost)  
  102  7:37  Photon Cannon x2  
  102  7:40  Photon Cannon  
  102  7:43  Carrier (Chrono Boost)  
  102  7:44  Pylon  
  102  7:55  Protoss Air Armor Level 2 (Chrono Boost)  
  108  8:04  Carrier  
  114  8:18  Photon Cannon  
  114  8:22  Carrier  
  120  8:32  Robotics Facility  
  120  8:36  Pylon  
  120  8:38  Probe x2  
  120  8:39  Probe  
  123  8:49  Protoss Shields Level 2  
  123  8:54  Probe  
  124  8:55  Probe x2  
  124  8:56  Probe  
  124  8:57  Carrier  
  124  9:00  Carrier  
  139  9:20  Observer  
  140  9:33  Probe x3  
  140  9:34  Protoss Air Weapons Level 3 (Chrono Boost)  
  143  9:48  Nexus  
  143  9:52  Assimilator, Carrier  
  149  9:57  Assimilator  
  149  10:00  Protoss Air Armor Level 3 (Chrono Boost)  
  149  10:01  Pylon  
  149  10:03  Pylon  
  149  10:08  Observer  
  150  10:17  Carrier  
  150  10:25  Photon Cannon  
  150  10:26  Photon Cannon  
  150  10:29  Photon Cannon, Carrier  
  150  10:31  Photon Cannon  
  150  10:32  Photon Cannon  
  150  10:35  Carrier  
  162  10:37  Photon Cannon  
  168  10:48  Pylon  
  168  10:50  Pylon  
  168  11:13  Protoss Shields Level 3 (Chrono Boost)  
  168  11:17  Carrier  
  174  11:32  Carrier  
  186  11:54  Carrier  
  186  12:01  Carrier  
  198  12:39  Photon Cannon  
  198  12:40  Photon Cannon  
  198  12:41  Photon Cannon  
  198  12:49  Pylon  
  198  12:51  Pylon  
  198  13:07  Nexus  
  198  13:09  Pylon  
  198  13:11  Pylon  
Show
View Real Time Build Order
Export as new Build Order

TenSeuR Terran 

Build Orders:  

Get SALT Encoding   

  12  0:02  SCV  
  14  0:14  SCV  
  14  0:26  SCV  
  15  0:43  Supply Depot  
  15  1:05  SCV  
  15  1:08  Barracks  
  16  1:15  Barracks  
  16  1:23  Barracks  
  16  1:25  SCV  
  16  1:28  Refinery  
  17  1:34  Engineering Bay  
  17  1:45  SCV  
  18  1:57  SCV  
  18  2:00  Supply Depot  
  19  2:01  Marine  
  19  2:03  Marine  
  21  2:16  Marine  
  21  2:18  SCV  
  23  2:23  Missile Turret  
  23  2:26  Refinery  
  23  2:30  SCV  
  23  2:36  Marine  
  25  2:57  Marine  
  26  3:10  Orbital Command  
  26  3:22  Marine x3  
  26  3:24  Command Center  
  29  3:33  Supply Depot  
  29  3:40  Marine x2  
  31  3:55  SCV  
  32  3:56  Marine  
  33  4:07  SCV  
  34  4:19  Missile Turret  
  34  4:25  Marine x2  
  34  4:26  Marine  
  37  4:33  Missile Turret  
  37  4:37  Planetary Fortress  
  37  4:42  Refinery  
  37  4:48  Factory  
  37  4:55  Missile Turret  
  37  5:22  Marine x2  
  37  5:23  Marine  
  40  5:29  SCV  
  41  5:37  Factory Tech Lab, Factory  
  41  5:41  Refinery, SCV  
  42  5:44  Barracks Tech Lab  
  42  6:01  SCV x2  
  44  6:13  SCV x2  
  46  6:23  Armory  
  46  6:25  SCV x2  
  48  6:36  Factory Tech Lab  
  48  6:37  SCV x2  
  50  6:49  SCV x2  
  52  6:55  Supply Depot  
  52  6:57  Supply Depot x2  
  52  6:58  Missile Turret  
  52  7:01  SCV x2  
  54  7:17  SCV x2  
  54  7:19  Supply Depot  
  54  7:21  Marauder, Marine  
  54  7:22  Marine  
  60  7:29  SCV x2  
  62  7:39  Marine  
  62  7:40  Marine  
  62  7:41  Thor x2, SCV x2  
  62  7:43  Marauder  
  80  7:53  SCV x2  
  80  7:56  Starport  
  80  7:57  Marine x2  
  84  8:04  Marauder  
  86  8:09  Command Center  
  86  8:47  Starport Reactor  
  86  9:01  Supply Depot  
  86  9:04  Supply Depot  
  86  9:05  Supply Depot  
  86  9:07  Thor, Marine x2  
  94  9:20  Thor, Marine  
  101  9:24  Supply Depot  
  101  9:28  Supply Depot  
  101  9:50  Thor  
  107  10:03  Marine, Thor  
  107  10:04  Marine x2  
  116  10:21  Marine x3  
  116  10:22  Planetary Fortress  
  116  10:28  Missile Turret x2  
  119  10:29  Missile Turret  
  119  10:30  Missile Turret  
  119  10:33  Thor  
  125  10:36  Medivac  
  125  10:37  Medivac  
  125  10:39  Marine x3  
  132  10:46  Thor  
  138  10:50  Terran Infantry Weapons Level 1  
  138  10:57  Marine x3  
  138  10:58  Refinery  
  138  11:01  Refinery  
  141  11:06  Medivac  
  141  11:07  Medivac  
  139  11:15  Combat Shields  
  53  12:32  Marauder, Marine x2  
  53  12:35  Thor x2, Stimpack  
  69  12:44  Terran Infantry Armor Level 1  
  69  12:50  Marine x2  
  71  12:53  Marauder  
  69  13:08  Marine x2  
  69  13:14  Marauder  
  69  13:18  Thor x2  
  83  13:26  Marine x2  
  79  13:36  Marauder  
  75  13:43  Marine x2  
  70  13:57  Marauder  
  70  14:00  Thor  
  70  14:01  Marine x2, Thor  
  86  14:18  Marauder  
  86  14:19  Marine x2  
  86  14:20  SCV  
  89  14:32  SCV  
  89  14:35  Concussive Shells  
  89  14:37  Marine x2  
  92  14:40  Marauder  
  92  14:43  Thor x2  
  92  14:44  SCV  
  96  14:56  SCV  
  97  15:04  Marauder, Marine x2  
  101  15:08  SCV  
  98  15:21  Marine  
  98  15:22  Marine  
  98  15:25  Marauder  
  99  15:39  Marine  
  99  15:40  Marine  
  101  15:45  Missile Turret x2  
Show
View Real Time Build Order
Export as new Build Order

Didax Protoss 

Build Orders:  

Get SALT Encoding   

  12  0:02  Probe (Chrono Boost)  
  13  0:12  Probe (Chrono Boost)  
  14  0:35  Pylon  
  14  0:36  Probe (Chrono Boost)  
  15  0:54  Probe (Chrono Boost)  
  16  1:04  Probe (Chrono Boost)  
  16  1:05  Gateway  
  16  1:07  Forge  
  17  1:13  Pylon  
  17  1:15  Probe (Chrono Boost)  
  18  1:35  Nexus  
  18  1:47  Pylon  
  18  1:51  Probe (Chrono Boost)  
  19  1:57  Assimilator  
  19  2:03  Assimilator  
  19  2:07  Cybernetics Core  
  19  2:13  Photon Cannon  
  19  2:28  Photon Cannon  
  19  2:35  Photon Cannon  
  19  2:44  Photon Cannon  
  19  2:55  Probe (Chrono Boost)  
  20  3:06  Probe (Chrono Boost)  
  21  3:16  Probe (Chrono Boost)  
  23  3:27  Assimilator, Probe (Chrono Boost)  
  23  3:28  Assimilator  
  23  3:37  Probe x2 (Chrono Boost)  
  25  3:48  Probe x2 (Chrono Boost)  
  27  3:58  Probe x2 (Chrono Boost)  
  29  4:09  Probe x2 (Chrono Boost)  
  31  4:16  Stargate x2  
  31  4:18  Stargate  
  31  4:19  Probe (Chrono Boost)  
  32  4:27  Probe (Chrono Boost)  
  32  4:30  Probe (Chrono Boost)  
  34  4:41  Protoss Air Weapons Level 1 (Chrono Boost)  
  34  4:42  Pylon  
  36  5:05  Void Ray (Chrono Boost)  
  44  5:10  Void Ray x2 (Chrono Boost)  
  47  5:28  Probe x2  
  48  5:41  Probe x2  
  50  5:46  Nexus  
  50  5:53  Probe x2  
  52  6:14  Pylon  
  52  6:16  Probe x2  
  52  6:18  Pylon x2  
  54  6:32  Void Ray (Chrono Boost)  
  62  6:38  Void Ray (Chrono Boost)  
  66  6:42  Void Ray (Chrono Boost)  
  66  6:49  Assimilator  
  66  6:51  Fleet Beacon  
  66  6:52  Assimilator  
  66  6:58  Probe x2  
  68  7:02  Probe  
  69  7:11  Void Ray (Chrono Boost)  
  69  7:12  Probe  
  74  7:23  Probe  
  75  7:33  Probe  
  76  7:44  Probe  
  73  8:34  Void Ray x3 (Chrono Boost)  
  85  8:35  Mothership Core  
  85  8:39  Protoss Air Weapons Level 2  
  87  8:45  Probe  
  88  8:49  Stargate  
  88  8:57  Probe  
  89  9:06  Probe x2  
  89  9:09  Probe  
  92  9:18  Probe  
  93  9:24  Pylon x2  
  93  9:29  Pylon  
  93  9:33  Pylon  
  93  9:37  Pylon  
  93  9:39  Pylon  
  93  9:40  Pylon  
  93  9:42  Probe x3  
  93  9:43  Tempest x2 (Chrono Boost)  
  108  9:48  Tempest (Chrono Boost)  
  114  9:54  Probe  
  115  10:06  Probe  
  116  10:13  Robotics Facility  
  120  10:14  Tempest (Chrono Boost)  
  120  10:20  Tempest x2 (Chrono Boost)  
  132  10:31  Tempest (Chrono Boost)  
  132  10:42  Pylon  
  132  10:44  Pylon  
  132  10:47  Pylon  
  132  10:48  Pylon x2  
  132  10:49  Pylon  
  132  10:51  Pylon  
  144  10:57  Tempest x3 (Chrono Boost)  
  148  11:14  Tempest (Chrono Boost)  
  148  11:34  Tempest (Chrono Boost)  
  148  11:36  Tempest (Chrono Boost)  
  160  11:40  Tempest (Chrono Boost)  
  164  12:06  Tempest (Chrono Boost)  
  164  12:12  Tempest (Chrono Boost)  
  164  12:13  Tempest (Chrono Boost)  
  172  12:52  Observer  
  161  13:14  Observer  
  126  13:21  Mothership Core  
  116  13:35  Observer  
  116  13:39  Tempest x2 (Chrono Boost)  
  133  13:45  Tempest x2 (Chrono Boost)  
  133  14:16  Tempest x2 (Chrono Boost)  
  147  14:45  Tempest x2 (Chrono Boost)  
  147  15:26  Tempest x2 (Chrono Boost)  
Show
View Real Time Build Order
Export as new Build Order

SagnaOhm Protoss 

Build Orders:  

Get SALT Encoding   

  12  0:06  Probe (Chrono Boost)  
  13  0:16  Probe (Chrono Boost)  
  14  0:27  Probe (Chrono Boost)  
  15  0:37  Pylon  
  15  0:55  Probe (Chrono Boost)  
  16  1:00  Forge  
  16  1:14  Nexus  
  16  1:17  Probe (Chrono Boost)  
  17  1:24  Assimilator  
  17  1:28  Probe (Chrono Boost)  
  18  1:34  Assimilator  
  18  1:38  Probe (Chrono Boost)  
  19  1:49  Probe (Chrono Boost)  
  20  1:59  Probe (Chrono Boost)  
  21  2:09  Pylon  
  21  2:10  Probe (Chrono Boost)  
  22  2:20  Probe (Chrono Boost)  
  23  2:29  Gateway  
  23  2:31  Probe (Chrono Boost)  
  24  2:40  Assimilator  
  24  2:47  Assimilator  
  24  2:52  Photon Cannon  
  24  2:54  Photon Cannon  
  24  3:02  Probe (Chrono Boost)  
  24  3:03  Pylon  
  24  3:04  Probe (Chrono Boost)  
  26  3:12  Probe (Chrono Boost)  
  27  3:23  Probe (Chrono Boost)  
  27  3:25  Cybernetics Core  
  28  3:30  Pylon  
  28  3:34  Pylon  
  28  3:35  Probe (Chrono Boost)  
  28  3:36  Probe (Chrono Boost)  
  30  3:46  Probe x2 (Chrono Boost)  
  32  3:57  Probe x2 (Chrono Boost)  
  34  4:05  Stargate  
  34  4:07  Probe x2 (Chrono Boost)  
  36  4:10  Stargate  
  36  4:17  Stargate  
  36  4:19  Probe (Chrono Boost)  
  36  4:22  Probe (Chrono Boost)  
  38  4:33  Mothership Core (Chrono Boost)  
  38  4:34  Probe (Chrono Boost)  
  41  4:45  Probe (Chrono Boost)  
  42  4:46  Photon Cannon  
  42  4:51  Probe (Chrono Boost)  
  43  4:54  Void Ray  
  43  4:55  Probe (Chrono Boost)  
  48  5:14  Void Ray  
  48  5:18  Void Ray  
  56  5:21  Protoss Shields Level 1  
  56  5:24  Protoss Air Weapons Level 1 (Chrono Boost)  
  56  5:44  Probe, Fleet Beacon  
  57  5:56  Probe  
  58  6:04  Pylon  
  58  6:06  Pylon  
  58  6:14  Pylon  
  58  6:17  Pylon  
  58  6:18  Void Ray  
  58  6:19  Nexus  
  62  6:29  Photon Cannon  
  62  6:31  Photon Cannon  
  62  6:33  Photon Cannon  
  62  6:43  Photon Cannon  
  62  6:45  Photon Cannon  
  62  6:49  Photon Cannon  
  62  6:53  Assimilator  
  62  6:56  Probe x2  
  62  6:57  Assimilator  
  64  7:24  Probe x2  
  64  7:29  Void Ray  
  66  7:34  Void Ray x2  
  66  7:36  Probe x2  
  80  7:39  Probe  
  81  7:48  Probe x2  
  81  7:49  Probe  
  84  7:58  Protoss Air Armor Level 1 (Chrono Boost)  
  84  8:00  Cybernetics Core, Probe x2  
  86  8:06  Void Ray  
  90  8:13  Twilight Council  
  90  8:17  Probe  
  91  8:27  Probe  
  91  8:28  Probe x2  
  91  8:33  Pylon  
  94  8:35  Pylon  
  94  8:38  Probe, Pylon  
  94  8:39  Void Ray  
  94  8:40  Probe x2  
  94  8:41  Void Ray, Pylon  
  105  8:49  Probe  
  105  8:52  Probe  
  113  9:06  Pylon  
  113  9:11  Pylon x2  
  113  9:15  Pylon  
  113  9:22  Protoss Air Weapons Level 2 (Chrono Boost)  
  113  9:54  Photon Cannon  
  113  9:57  Photon Cannon  
  113  10:00  Void Ray  
  113  10:01  Pylon  
  113  10:02  Pylon  
  113  10:05  Void Ray x2  
  125  10:07  Pylon  
  125  10:15  Protoss Air Armor Level 2 (Chrono Boost)  
  125  10:23  Protoss Shields Level 2  
  125  10:37  Photon Cannon, Void Ray  
  125  10:39  Photon Cannon  
  125  10:42  Photon Cannon  
  125  10:46  Photon Cannon  
  125  10:48  Void Ray x2  
  125  10:49  Photon Cannon  
  137  10:58  Pylon  
  137  11:03  Stargate  
  137  11:14  Void Ray  
  141  11:27  Pylon  
  141  11:31  Void Ray x2  
  149  11:32  Pylon  
  149  11:52  Void Ray  
  97  12:18  Void Ray (Chrono Boost)  
  97  12:19  Void Ray (Chrono Boost)  
  88  12:34  Void Ray (Chrono Boost)  
  92  12:42  Void Ray (Chrono Boost)  
  92  12:53  Mothership Core  
  94  13:05  Void Ray x2 (Chrono Boost)  
  102  13:07  Pylon  
  106  13:13  Void Ray (Chrono Boost)  
  110  13:20  Void Ray (Chrono Boost)  
  110  13:48  Void Ray x2 (Chrono Boost)  
  118  13:50  Void Ray (Chrono Boost)  
  86  14:27  Void Ray (Chrono Boost)  
  86  14:30  Void Ray (Chrono Boost)  
  86  14:31  Void Ray (Chrono Boost)  
  90  14:45  Void Ray (Chrono Boost)  
  93  15:04  Void Ray (Chrono Boost)  
  87  15:13  Void Ray x2 (Chrono Boost)  
  95  15:15  Photon Cannon  
  95  15:16  Photon Cannon  
  95  15:17  Photon Cannon  
  95  15:22  Void Ray (Chrono Boost)  
Tags
 
Add a new tag
Caveats
  • Supply blocks, unpowered buildings, or Contaminate may cause inaccurate times.
  • Supply counts are checked every 10 seconds.